 Dungeon Crawl Stone Soup version 0.28-a0-938-gbc3f381ebc (webtiles) character file.

Game seed: 5391884643760647538

31967 octoduck the Warrior (level 13, -19/130 HPs)
             Began as a Minotaur Fighter on Nov 29, 2021.
             Was an Elder of Makhleb.
             Demolished by a freezing wraith (23 damage)
             ... on level 12 of the Dungeon.
             The game lasted 00:59:24 (21168 turns).

octoduck the Warrior (Minotaur Fighter)            Turns: 21168, Time: 00:59:25

Health: -19/130    AC: 15    Str: 23    XL:     13   Next: 28%
Magic:  21/21      EV: 10    Int:  6    God:    Makhleb [****..]
Gold:   1444       SH:  8    Dex: 18    Spells: 12/12 levels left

rFire   . . .      SeeInvis .   O - +4 long sword "Jiug" {freeze, rPois}
rCold   . . .      Faith    +   y - +2 buckler
rNeg    . . .      Spirit   .   G - +0 swamp dragon scales
rPois   +          Reflect  .   (helmet restricted)
rElec   .          Harm     .   J - +0 cloak
rCorr   .          Rampage  .   (no gloves)
Will    .....                   (no boots)
Stlth   ++........              d - amulet "Opheuwke" {Faith Stlth+}
HPRegen 0.31/turn               t - +4 ring of protection
MPRegen 0.17/turn               F - +6 ring of dexterity

@: slowed, studying Ice Magic, very slow
A: horns 2, retaliatory headbutt
a: Renounce Religion, Minor Destruction, Lesser Servant of Makhleb, Major
Destruction


You were on level 12 of the Dungeon.
You worshipped Makhleb.
Makhleb was greatly pleased with you.
You visited 3 branches of the dungeon, and saw 15 of its levels.

You collected 1444 gold pieces.

Inventory:

Hand Weapons
 a - a +0 great sword
 n - the +6 dagger "Hongofiz" {vorpal, rF+ Str+5 Int+4}
   (You took it off a centaur on level 12 of the Dungeon)

   It inflicts extra damage upon your enemies.
   Str:       It affects your strength (+5).
   Int:       It affects your intelligence (+4).
   rF:        It protects you from fire.
 O - the +4 long sword "Jiug" (weapon) {freeze, rPois}
   (You found it on level 12 of the Dungeon)

   It freezes those it strikes, dealing additional cold damage.
   It can also slow down cold-blooded creatures.
   rPois:     It protects you from poison.
Missiles
 b - 4 throwing nets
 f - 324 arrows
 h - 122 sling bullets
 l - 4 javelins (quivered)
 o - 532 stones
 I - 7 boomerangs
Armour
 y - a +2 buckler (worn)
 G - +0 swamp dragon scales (worn)
 H - a +0 plate armour
 J - a +0 cloak (worn)
Jewellery
 d - the amulet "Opheuwke" (around neck) {Faith Stlth+}
   (You took it off a centaur warrior on level 12 of the Dungeon)

   [amulet of faith]

   It allows you to gain divine favour quickly.
   Stlth:     It makes you more stealthy.
 j - a ring of positive energy
 p - the ring "Xorinuth" {rElec MP+9 Str+2 Int+3}
   (You found it on level 12 of the Dungeon)

   [ring of magical power]

   Str:       It affects your strength (+2).
   Int:       It affects your intelligence (+3).
   rElec:     It insulates you from electricity.
   MP:        It affects your magic capacity (+9).
 r - the ring of Xeh Fate {Fly rF+++ rN+ Will- MP+9}
   (You took it off an orc warrior on level 12 of the Dungeon)

   [ring of positive energy]

   rF:        It renders you almost immune to fire.
   rN:        It protects you from negative energy.
   MP:        It affects your magic capacity (+9).
   Fly:       It grants you flight.
   Will:      It decreases your willpower.
 t - a +4 ring of protection (left hand)
 x - a ring of protection from fire
 F - a +6 ring of dexterity (right hand)
 L - the ring "Bewa" {EV+4 Int+6 Dex-5 Slay+2}
   (You took it off an orc wizard on level 12 of the Dungeon)

   [ring of evasion]

   EV:        It affects your evasion (+4).
   Int:       It affects your intelligence (+6).
   Dex:       It affects your dexterity (-5).
   Slay:      It affects your accuracy & damage with ranged weapons and melee
   (+2).
 N - a ring of poison resistance
 P - an amulet of the acrobat
Wands
 C - a wand of flame (9)
 D - a wand of digging (3)
Scrolls
 c - 2 scrolls of blinking
 g - 2 scrolls of magic mapping
 q - a scroll of holy word
 s - 7 scrolls of teleportation
 A - a scroll of identify
 E - a scroll of fear
Potions
 e - 6 potions of curing {unknown}
 i - 5 potions of ambrosia
 k - 5 potions of flight
 m - 5 potions of heal wounds
 u - 3 potions of magic
 v - a potion of mutation {unknown}
 w - a potion of cancellation {unknown}
 z - 2 potions of brilliance
 B - 3 potions of attraction
 K - a potion of berserk rage {unknown}


   Skills:
 * Level 16.3 Fighting
 - Level 14.5 Long Blades
 - Level 8.4 Throwing
 + Level 9.5 Armour
 - Level 5.9 Shields
 - Level 12.4 Invocations


You had 12 spell levels left.
You didn't know any spells.
Your spell library contained the following spells:

 Spells                   Type           Power      Damage    Failure   Level
 Magic Dart               Conj           0%         1d3       58%         1
 Ensorcelled Hibernation  Hex/Ice        0%         N/A       73%         2
 Passwall                 Tmut/Erth      0%         N/A       73%         2
 Searing Ray              Conj           0%         2d4       73%         2
 Gell's Gravitas          Tloc           0%         N/A       91%         3
 Lesser Beckoning         Tloc           0%         N/A       91%         3
 Spider Form              Tmut/Pois      0%         N/A       91%         3
 Teleport Other           Tloc           0%         N/A       91%         3
 Fulminant Prism          Conj/Hex       0%         3d6       100%        4
 Blade Hands              Tmut           0%         N/A       100%        5
 Conjure Ball Lightning   Conj/Air       0%         3x3d6     100%        6
 Dragon Form              Tmut           0%         N/A       100%        7
 Borgnjor's Revivificati  Necr           0%         N/A       100%        8
 Discord                  Hex            0%         N/A       100%        8
 Disjunction              Tloc           0%         N/A       100%        8
 Necromutation            Tmut/Necr      0%         N/A       100%        8
 Death's Door             Necr           0%         N/A       100%        9


Dungeon Overview and Level Annotations

Branches:
Dungeon (12/15)            Temple (0/1) D:5            Lair (1/6) D:11
    Orc (2/2) D:10            Elf (0/3) Orc:2

Altars:
Ashenzari
Fedhas
Kikubaaqudgha
Makhleb
Nemelex Xobeh
Qazlal
Trog
Vehumet
Xom
Yredelemnul
Zin

Shops:
D:6 (

Annotations:
D:4 exclusion: upstairs
D:6 2 transporters
D:8 Grum
D:10 1 runed translucent door, Pooter's ghost, novice MiFi
Orc:2 Saint Roka


Innate Abilities, Weirdness & Mutations

You have a pair of horns on your head.
You reflexively headbutt those who attack you in melee.


Message History

Your swamp dragon scales prevents you from hitting the freezing wraith.
You headbutt the freezing wraith, but do no damage.
The freezing wraith is moderately damaged.
The freezing wraith closely misses you. The freezing wraith hits you!
You hit the freezing wraith but do no damage.
You headbutt the freezing wraith, but do no damage.
The freezing wraith is moderately damaged.
The freezing wraith hits you. The freezing wraith freezes you!
The freezing wraith hits you! The freezing wraith drains your vigour!
You feel yourself slow down.
You hit the freezing wraith but do no damage.
The freezing wraith is moderately damaged.
The freezing wraith closely misses you.
The freezing wraith completely misses you.
You barely miss the freezing wraith.
The freezing wraith is moderately damaged.
The cyclops throws a large rock.
The large rock hits you but does no damage.
The freezing wraith hits you but does no damage.
You block the freezing wraith's attack.
The cyclops throws a large rock.
The large rock hits you!!!
There is an open door, spattered with blood here.
The freezing wraith hits you. The freezing wraith freezes you!
The freezing wraith hits you but does no damage.
You barely miss the freezing wraith. You headbutt the freezing wraith.
The freezing wraith is heavily damaged.
The freezing wraith barely misses you. You furiously retaliate!
You headbutt the freezing wraith.
The freezing wraith hits you but does no damage.
You slash the freezing wraith! You headbutt the freezing wraith!
The freezing wraith is almost destroyed.
The freezing wraith hits you!
* * * LOW HITPOINT WARNING * * *
The freezing wraith freezes you!!
* * * LOW HITPOINT WARNING * * *
The freezing wraith barely misses you. The freezing wraith hits you!
* * * LOW HITPOINT WARNING * * *
The freezing wraith freezes you!!
You die...

...#.[......#.##.........
......###...#.##.....#'#
....###..#..#.##.....#
..###...##..#.##.....#
###...#.##..#........#
#...#.#.##..#.....####
..#.#.#.##..#.###.# .
#...#.#.##..'.....# ..
#.#...#.##..#...@.# ...
.#.#....##.##.###W# ....
#.#.#.#..#........# .....
#####....#...###'##......
#.#.#.##.#...'..C........
.#.#...#.#...#...........
#.#....#.#...#...........
##.....#.#...#...........
.###...#.#...#...##.C....


You could see a freezing wraith.

Vanquished Creatures
  Jorgrun (Orc:1)
  A hydra (D:11)
  Harold (Orc:1)
  A boulder beetle (D:10)
  2 two-headed ogres (D:12)
  A centaur warrior (D:12)
  2 deep elf pyromancers
  A mana viper (shapeshifter) (D:12)
  Pikel (D:9)
  4 orc knights
  2 wolf spiders (Lair:1)
  A wolf spider (shapeshifter) (D:12)
  2 ugly things
  3 orc sorcerers
  4 cyclopes
  A manticore (D:12)
  3 centaur zombies
  An elephant (D:11)
  A black mamba (Lair:1)
  4 gargoyles
  3 cane toads (Lair:1)
  Maggie (D:8)
  A rime drake (Lair:1)
  2 yaktaurs (D:12)
  4 trolls
  A slime creature (D:12)
  Prince Ribbit (D:8)
  Grinder (D:3)
  A wraith (D:12)
  A wyvern (D:11)
  Eustachio (D:5)
  24 yaks
  A steam dragon (D:7)
  A basilisk (Lair:1)
  10 wargs (Orc:1)
  An acid dragon (D:7)
  5 water moccasins
  13 orc warriors
  5 black bears
  A sky beast (D:6)
  4 necrophages
  5 ogres
  A wolf (D:8)
  3 centaurs
  3 lemures (D:9)
  The ghost of croobank the Insei, an amateur OpTm (D:3)
  A phantom (D:4)
  A bullfrog (D:8)
  2 scorpions
  A wyvern zombie (D:6)
  5 wights (D:10)
  3 howler monkeys
  4 hounds
  10 orc priests
  A bullfrog skeleton (D:6)
  2 gnoll shamans
  6 iguanas
  14 orc wizards
  Terence (D:3)
  A killer bee zombie (D:9)
  3 howler monkey zombies
  7 gnolls
  18 adders
  A white imp (D:7)
  An ufetubus (D:6)
  An adder skeleton (D:4)
  A worm (D:2)
  A dart slug (D:1)
  59 orcs
  11 ball pythons
  7 endoplasms
  7 giant cockroaches
  9 goblins
  9 hobgoblins
  A jackal (D:4)
  9 kobolds
  5 quokkas
  4 bats (D:2)
  A frilled lizard (D:2)
  6 rats
345 creatures vanquished.

Vanquished Creatures (collateral kills)
  3 hydras
3 creatures vanquished.

Vanquished Creatures (others)
  An orc (D:8)
  10 fungi (Lair:1)
  49 plants
  A withered plant (D:4)
61 creatures vanquished.

Grand Total: 409 creatures vanquished

Notes
Turn   | Place    | Note
-------+----------+-------------------------------------------
     0 | D:1      | octoduck the Minotaur Fighter began the quest for the Orb.
     0 | D:1      | Reached XP level 1. HP: 19/19 MP: 0/0
   220 | D:1      | Reached XP level 2. HP: 26/26 MP: 1/1
   589 | D:1      | Found a faded altar of an unknown god.
   716 | D:1      | Reached XP level 3. HP: 31/31 MP: 2/2
  1264 | D:2      | Reached skill level 5 in Long Blades
  1503 | D:2      | Reached XP level 4. HP: 35/39 MP: 3/3
  1919 | D:3      | Found a runed translucent door.
  1926 | D:3      | Noticed croobank's ghost (amateur OpTm)
  2388 | D:4      | Reached XP level 5. HP: 27/45 MP: 4/4
  2611 | D:4      | Noticed a phantom
  2654 | D:4      | Killed a phantom
  2715 | D:4      | Noticed an ogre
  2732 | D:4      | Reached XP level 6. HP: 24/51 MP: 5/5
  2741 | D:4      | Identified the ring of Descent {Wiz *Corrode rElec rC++
                  | SInv}
  3167 | D:3      | Noticed Grinder
  3190 | D:3      | Paralysed by Grinder for 4 turns
  3334 | D:3      | Noticed Terence
  3353 | D:3      | Killed Terence
  3423 | D:3      | Killed Grinder
  3424 | D:3      | Reached XP level 7. HP: 29/57 MP: 6/6
  3893 | D:3      | Killed croobank's ghost
  3894 | D:3      | Reached skill level 10 in Long Blades
  3903 | D:3      | Acquired a manual of Fighting
  3935 | D:4      | Found a burning altar of Makhleb.
  3946 | D:4      | Became a worshipper of Makhleb the Destroyer
  3963 | D:4      | Reached skill level 4 in Fighting
  4060 | D:4      | Found a blossoming altar of Fedhas.
  4122 | D:4      | Found a stormy altar of Qazlal.
  4305 | D:4      | Reached skill level 5 in Fighting
  4338 | D:4      | Found a basalt altar of Yredelemnul.
  4768 | D:5      | Entered Level 5 of the Dungeon
  4775 | D:5      | Reached skill level 6 in Fighting
  4781 | D:5      | Found a staircase to the Ecumenical Temple.
  4791 | D:5      | Reached XP level 8. HP: 45/70 MP: 7/7
  4988 | D:5      | Reached skill level 7 in Fighting
  5137 | D:5      | Found a broken altar of Ashenzari.
  5275 | D:4      | Reached skill level 8 in Fighting
  5588 | D:5      | Found a sparkling altar of Nemelex Xobeh.
  5616 | D:5      | Noticed Eustachio
  5628 | D:5      | Killed Eustachio
  5629 | D:5      | Reached skill level 9 in Fighting
  6068 | D:6      | Reached skill level 10 in Fighting
  6389 | D:6      | Reached * piety under Makhleb
  6400 | D:6      | Reached XP level 9. HP: 65/86 MP: 8/8
  6490 | D:6      | Found a transporter.
  6490 | D:6      | Noticed a kobold demonologist
  6500 | D:6      | Found Yfups's Weapon Emporium.
  6525 | D:6      | Found a transporter.
  6537 | D:6      | Found a glowing silver altar of Zin.
  6579 | D:6      | Reached skill level 11 in Fighting
  6688 | D:6      | Noticed a kobold demonologist
  6753 | D:6      | Found a bloodstained altar of Trog.
  7559 | D:7      | Reached skill level 12 in Fighting
  7924 | D:7      | Got the Catalogue of Transmigration
  8249 | D:7      | Found a shimmering altar of Xom.
  8467 | D:8      | Noticed Prince Ribbit
  8486 | D:8      | Killed Prince Ribbit
  8635 | D:8      | Noticed Maggie
  8718 | D:8      | Killed Maggie
  8719 | D:8      | Reached skill level 13 in Fighting
  8836 | D:8      | Noticed Grum
  8921 | D:7      | Reached ** piety under Makhleb
  9739 | D:8      | Reached XP level 10. HP: 101/101 MP: 9/9
  9877 | D:8      | Reached skill level 1 in Invocations
  9978 | D:9      | Noticed a green ugly thing
  9987 | D:9      | Killed a green ugly thing
 10199 | D:9      | Found a radiant altar of Vehumet.
 10492 | D:9      | Noticed Pikel
 10514 | D:9      | Reached skill level 5 in Armour
 10514 | D:9      | Reached skill level 5 in Shields
 10637 | D:9      | Killed Pikel
 10638 | D:9      | Reached skill level 5 in Invocations
 10821 | D:9      | Found an ancient bone altar of Kikubaaqudgha.
 11026 | D:10     | Entered Level 10 of the Dungeon
 11157 | D:10     | Reached XP level 11. HP: 107/107 MP: 14/14
 11392 | D:10     | Reached *** piety under Makhleb
 11533 | D:10     | Found a runed translucent door.
 11540 | D:10     | Noticed Pooter's ghost (novice MiFi)
 11683 | D:10     | Found a staircase to the Orcish Mines.
 11861 | D:11     | Noticed a cyan ugly thing
 11874 | D:11     | Killed a cyan ugly thing
 11986 | Orc:1    | Entered Level 1 of the Orcish Mines
 12349 | D:11     | Found a staircase to the Lair.
 12637 | D:11     | Noticed a six-headed hydra
 12668 | D:11     | Killed a six-headed hydra
 13027 | D:12     | Noticed an orc knight
 13250 | D:12     | Identified the +4 long sword "Jiug" {freeze, rPois}
 13546 | D:12     | Noticed a deep elf pyromancer
 13559 | D:12     | Killed a deep elf pyromancer
 13573 | D:12     | Noticed a centaur warrior
 13574 | D:12     | Noticed a deep elf pyromancer
 13583 | D:12     | Noticed a two-headed ogre
 13597 | D:11     | Killed a deep elf pyromancer
 13665 | D:12     | Noticed a boulder beetle
 13675 | D:12     | Noticed a seven-headed hydra
 13713 | D:10     | Killed a boulder beetle
 14139 | Lair:1   | Entered Level 1 of the Lair of Beasts
 14254 | Lair:1   | Reached skill level 10 in Invocations
 14343 | Lair:1   | Noticed a wolf spider
 14358 | Lair:1   | Reached skill level 1 in Throwing
 14383 | Lair:1   | Killed a wolf spider
 14393 | Lair:1   | Noticed a wolf spider
 14400 | Lair:1   | Killed a wolf spider
 14733 | Lair:1   | Reached XP level 12. HP: 110/115 MP: 18/18
 15003 | Lair:1   | Reached **** piety under Makhleb
 15258 | Lair:1   | Noticed a five-headed hydra
 15267 | Lair:1   | Noticed a seven-headed hydra
 15269 | Lair:1   | Killed a five-headed hydra
 15557 | Orc:1    | Reached skill level 5 in Throwing
 15704 | Orc:1    | Noticed Jorgrun
 15721 | Orc:1    | Killed Jorgrun
 15999 | Orc:1    | Noticed Harold
 16235 | Orc:1    | Killed Harold
 16736 | Orc:2    | Entered Level 2 of the Orcish Mines
 16856 | Orc:2    | Paralysed by an orc sorcerer for 5 turns
 16874 | Orc:2    | Found a staircase to the Elven Halls.
 17432 | Orc:2    | Paralysed by an orc sorcerer for 4 turns
 18389 | Orc:2    | Noticed Saint Roka
 18921 | D:11     | Killed a seven-headed hydra
 18922 | D:11     | Reached skill level 14 in Fighting
 19233 | D:12     | Identified the +6 dagger "Hongofiz" {vorpal, rF+ Str+5
                  | Int+4}
 19341 | D:12     | Killed a two-headed ogre
 19342 | D:12     | Reached XP level 13. HP: 124/125 MP: 21/21
 19422 | D:12     | Identified the ring of Xeh Fate {Fly rF+++ rN+ Will- MP+9}
 19494 | D:12     | Reached skill level 15 in Fighting
 20195 | D:12     | Identified the ring "Bewa" {EV+4 Int+6 Dex-5 Slay+2}
 20804 | D:12     | Identified the amulet "Opheuwke" {Faith Stlth+}
 20818 | D:12     | Reached skill level 16 in Fighting
 21104 | D:12     | Identified the ring "Xorinuth" {rElec MP+9 Str+2 Int+3}
 21168 | D:12     | HP: 4/130 [freezing wraith (9)]
 21168 | D:12     | Demolished by a freezing wraith

Illustrated notes

Levels and vault maps discovered:
D:1:      dpeg_arrival_lava_temple_mockup, layout_loops_ring,
          chequers_ecumenical_altar_simple_redux
D:2:      layout_loops_ring, minmay_ruptured
D:3:      layout_basic, gup_sewer_entry_glass, ebering_ghost_reflecting_pool,
          uniq_grinder, uniq_terence
D:4:      minmay_octagon_keep, layout_basic, mainiacjoe_overflow_chevrons,
          yredelemnul_altar_generic, fedhas_ov_isle_minmay,
          grunt_qazlal_sundering
D:5:      layout_basic, lemuel_tele_altar, lemuel_crystal_altar,
          minmay_temple_entry_wispy, uniq_eustachio
D:6:      gammafunk_wand_slinger, layout_basic, mainiacjoe_overflow_alcove_2,
          mainiacjoe_overflow_alcove_1, serial_shops,
          nicolae_shop_bloodbath_and_beyond, hex_medium
D:7:      layout_rooms, mainiacjoe_overflow_tiny_flanked,
          serial_co_window_serial, co_window_corner_a, co_window_paths_b,
          co_window_of_opportunity_a, co_window_corner_a, co_window_paths_b,
          co_window_corner_a, co_window_corner_a, co_window_corner_cb,
          co_window_of_opportunity_c, co_window_of_opportunity_c,
          co_window_2corner, co_window_paths_d, glass_columns_a,
          glass_columns_b, glass_columns_a, glass_columns_a,
          minmay_manual_monstrance
D:8:      layout_basic, uniq_prince_ribbit1, uniq_grum, uniq_maggie
D:9:      layout_rooms, mainiacjoe_overflow_concentric_impassable,
          fiery_altar_vehumet, uniq_pikel
D:10:     layout_roguey, nicolae_overflow_hidden_temple, orc_0_dummy,
          ebering_ghost_inner_flame
D:11:     layout_irregular_city, david_lair_generic
D:12:     minmay_the_grid_triangle_9x9_recursive_2_mashed
          [minmay_the_grid_triangle_9x9_prize_special,
          minmay_the_grid_triangle_9x9_steps,
          minmay_the_grid_triangle_9x9_cache,
          minmay_the_grid_triangle_9x9_alien], layout_stronghold
Lair:1:   minmay_lair_venomous_thicket, layout_cave_pods, lemuel_fruit_tree
Orc:1:    cheibrodos_orc_guarddog, layout_diamond_mine, uniq_jorgrun,
          uniq_harold
Orc:2:    grunt_orc_cross, layout_caves

Skill      XL: |  1  2  3  4  5  6  7  8  9 10 11 12 13 |
---------------+----------------------------------------+-----
Long Blades    | 3 4 5 6 7 9 10 12 14 | 14.5
Fighting       | 6 10 13 14 16 | 16.3
Invocations    | 6 10 12 | 12.4
Armour         | 6 9 |  9.5
Shields        | 5 |  5.9
Throwing       | 2 7 8 |  8.4

Action                   |  1- 3 |  4- 6 |  7- 9 | 10-12 | 13-15 || total
-------------------------+-------+-------+-------+-------+-------++-------
Melee: Long sword        |    91 |   108 |   316 |   446 |   109 ||  1070
       Headbutt          |    14 |    13 |    56 |   156 |    43 ||   282
       Scimitar          |       |       |       |    89 |       ||    89
       Unarmed           |       |       |       |     2 |     6 ||     8
Throw: Javelin           |       |       |       |    13 |     4 ||    17
       Boomerang         |       |       |       |     1 |       ||     1
Invok: Lesser Servant of |       |       |       |     4 |     1 ||     5
       Minor Destruction |       |       |       |     3 |     4 ||     7
Evoke: Wand              |       |       |     5 |    31 |       ||    36
  Use: Scroll            |     4 |     2 |    12 |     4 |       ||    22
       Potion            |       |     1 |     1 |     2 |       ||     4
 Stab: Distracted        |       |       |       |     1 |       ||     1
Armor: Scale mail        |    45 |    36 |    89 |       |       ||   170
       Swamp dragon scal |       |       |    14 |   162 |    50 ||   226
Dodge: Dodged            |    37 |    42 |    97 |   188 |    40 ||   404
Block: Buckler           |    25 |    15 |    75 |   164 |    34 ||   313

Table legend: (Time is in decaauts)
 A = Elapsed time spent in this place.
 B = Non-inter-level travel time spent in this place.
 C = Inter-level travel time spent in this place.
 D = Time resting spent in this place.
 E = Time spent auto-exploring this place.
 F = Levels seen in this place.
 G = Mean time per level.
                   A        B        C        D        E       F      G
               +--------+--------+--------+--------+--------+-----+--------+
         Total |  20978 |  19544 |   1434 |   7528 |   7613 |  15 | 1398.5 |
       Dungeon |  16887 |  15690 |   1197 |   5528 |   6683 |  12 | 1407.2 |
          Lair |   1230 |   1200 |     30 |    483 |    402 |   1 | 1230.0 |
  Orcish Mines |   2860 |   2653 |    207 |   1517 |    528 |   2 | 1430.0 |
               +--------+--------+--------+--------+--------+-----+--------+

Top non-repeatable levels by time:
   Orc:1: 2686 daAuts
    D:11: 2088 daAuts
    D:12: 2049 daAuts
     D:4: 2031 daAuts
    D:10: 1786 daAuts
     D:8: 1410 daAuts
     D:6: 1278 daAuts
     D:7: 1245 daAuts
  Lair:1: 1230 daAuts
     D:3: 1079 daAuts
     D:5: 1032 daAuts
     D:9: 1008 daAuts
     D:2: 1000 daAuts
     D:1: 875 daAuts
   Orc:2: 174 daAuts
